 Dungeon Crawl Stone Soup version 0.31-a0-408-gb642c7f9a3 (webtiles) character file.

Game seed: 15705890000727600995

322 Newt the Poker (level 6, 0/48 HPs)
             Began as a Merfolk Gladiator on July 29, 2023.
             Slain by Edmund
             ... wielding a +2 flail of venom
              (7 damage)
             ... on level 5 of the Dungeon.
             The game lasted 00:04:27 (3441 turns).

Newt the Poker (Merfolk Gladiator)                  Turns: 3441, Time: 00:04:27

Health: 0/48       AC:  5    Str: 16    XL:     6   Next: 47%
Magic:  8/9        EV: 14    Int:  7    God:
Gold:   194        SH:  0    Dex: 22    Spells: 8/9 levels left

rFire   + . .        a - +1 trident
rCold   + + .        (no shield)
rNeg    . . .        p - +0 leather armour {rC+}
rPois   .            c - +0 helmet
rElec   .            m - scarf {rC+ rF+}
rCorr   .            d - +0 pair of gloves
SInv    .            (no boots)
Will    .....        (no amulet)
Stlth   ++           n - +6 ring of dexterity
HPRegen 0.28/turn    (no ring)
MPRegen 0.11/turn

%: no passive effects
@: mighty, lethally poisoned (0 -> -12)
A: (nimble swimmer 2), mertail
a: no special abilities


You were on level 5 of the Dungeon.
You visited 1 branch of the dungeon, and saw 5 of its levels.

You collected 194 gold pieces.

Inventory:

Hand Weapons
 a - a +1 trident (weapon)
Missiles
 e - a javelin
Armour
 b - a +0 leather armour
 c - a +0 helmet (worn)
 d - a +0 pair of gloves (worn)
 m - a scarf of resistance (worn)
 p - a +0 leather armour of cold resistance (worn)
Jewellery
 n - a +6 ring of dexterity (left hand)
Talismans
 k - a granite talisman
Wands
 o - a wand of flame (7)
Potions
 f - a potion of brilliance {unknown}
 g - a potion of magic
 h - 2 potions of curing
 i - a potion of resistance {unknown}
 j - a potion of might
 l - a potion of heal wounds {unknown}


   Skills:
 + Level 3.8 Fighting
 - Level 7.0 Polearms
 - Level 2.0 Throwing
 - Level 4.0 Dodging
 - Level 2.0 Spellcasting
 - Level 2.2 Summonings


You had 8 spell levels left.
You knew the following spells:

 Your Spells              Type           Power      Damage    Failure   Level
a - Summon Small Mammal   Summ           12%        N/A       19%         1

Your spell library contained the following spells:

 Spells                   Type           Power      Damage    Failure   Level
 Call Canine Familiar     Summ           3%         N/A       50%         3
 Summon Guardian Golem    Hex/Summ       2%         N/A       65%         3
 Hailstorm                Conj/Ice       0%         3d3       80%         3
 Summon Ice Beast         Ice/Summ       2%         N/A       96%         4
 Simulacrum               Ice/Necr       0%         N/A       100%        6


Dungeon Overview and Level Annotations

Branches:
Dungeon (5/15)
 Temple: D:4-7

Altars:

Shops:
D:4 :

Annotations:
D:5 Edmund


Innate Abilities, Weirdness & Mutations

((You are very nimble when in or above water. (Stealth+, EV+, Speed+++)))
Your lower body shifts to a powerful aquatic tail in water.


Message History

You feel very sick.
Your rat bites Edmund but does no damage.
Edmund barely misses you.
Unknown command.
You barely miss Edmund.
Edmund is severely wounded.
You feel sick.
Your rat completely misses Edmund.
The dart slug launches a dart at you. The slug dart hits you.
* * * LOW HITPOINT WARNING * * *
Unknown command.
You puncture Edmund!
Edmund is almost dead.
You feel sick. Edmund closely misses you.
An orc comes into view. It is wielding a +0 short sword.
Your rat bites Edmund but does no damage.
The dart slug launches a dart at you. The slug dart hits you.
* * * LOW HITPOINT WARNING * * *
You feel better.
Edmund hits you with a +2 flail of venom.
You are poisoned.
The orc barely misses you.
An orc comes into view. It is wielding a +0 falchion.
Your rat bites Edmund.
You closely miss Edmund.
Edmund is almost dead.
You feel sick.
Edmund hits you with a +2 flail of venom.
* * * LOW HITPOINT WARNING * * *
You are lethally poisoned!
The orc hits you but does no damage.
Your rat barely misses Edmund.
The dart slug closely misses you.
You barely miss Edmund.
Edmund is almost dead.
* * * LOW HITPOINT WARNING * * *
You feel very sick. The orc completely misses you.
Edmund hits you with a +2 flail of venom!
You die...

#.. #.........##..
#...##............ #..
.....#.... ..# # #..
#...##..# ..# .#
##...#...###.##..# ..
#.....<..........#.##.
##.........r!†..o.....
#..........@......#.
#.......#.@w.....##
#.......#..o.†.o.....
#....................#
.......................
#...#.##...............
#......[..#......
...........#......
#..###............


You could see Edmund (ally target), a dart slug, 3 orcs and a friendly rat
(summoned).

Vanquished Creatures
  An ogre (D:3)
  A howler monkey (D:5)
  Terence (D:2)
  Robin (D:4)
  3 adders
  3 worms
  5 orcs (D:4)
  9 endoplasms
  4 giant cockroaches
  15 goblins
  12 hobgoblins
  7 jackals
  4 quokkas
  4 ball pythons
  5 bats
  4 frilled lizards
  7 kobolds
  7 rats
93 creatures vanquished.

Vanquished Creatures (collateral kills)
  A hound (D:5)
1 creature vanquished.

Grand Total: 94 creatures vanquished

Notes
Turn   | Place    | Note
-------+----------+-------------------------------------------
     0 | D:1      | Newt the Merfolk Gladiator began the quest for the Orb.
     0 | D:1      | Reached XP level 1. HP: 16/16 MP: 1/1
   101 | D:1      | Reached XP level 2. HP: 8/23 MP: 2/2
   723 | D:2      | Reached XP level 3. HP: 29/29 MP: 3/3
   735 | D:2      | Reached skill level 5 in Polearms
  1087 | D:2      | Reached XP level 4. HP: 35/35 MP: 4/4
  1139 | D:2      | Reached skill level 6 in Polearms
  1391 | D:2      | Noticed Terence
  1412 | D:2      | Killed Terence
  1498 | D:3      | Noticed an ogre
  1516 | D:3      | Killed an ogre
  1517 | D:3      | Reached skill level 7 in Polearms
  1517 | D:3      | Reached skill level 1 in Spellcasting
  1517 | D:3      | Reached skill level 1 in Summonings
  1517 | D:3      | Reached XP level 5. HP: 26/41 MP: 4/6
  1577 | D:3      | Learned a level 1 spell: Summon Small Mammal
  2436 | D:4      | Noticed Robin
  2471 | D:4      | Killed Robin
  2807 | D:4      | Found Tosuych's Book Boutique.
  2827 | D:4      | Reached XP level 6. HP: 47/47 MP: 8/8
  3384 | D:5      | Entered Level 5 of the Dungeon
  3416 | D:5      | Noticed Edmund
  3441 | D:5      | Slain by Edmund

Illustrated notes

Levels and vault maps discovered:
D:1:      dpeg_arrival_prison, layout_rooms
D:2:      layout_loops_ring, uniq_terence
D:3:      layout_basic
D:4:      layout_gridville, serial_shops, shop, uniq_robin
D:5:      layout_cave_pools, tso_metal_star, uniq_edmund, uniq_eustachio

Skill      XL: |  1  2  3  4  5  6 |
---------------+-------------------+-----
Fighting       | 3 |  3.8
Polearms       | 5 7 |  7.0
Spellcasting   | 1 2 |  2.0
Summonings     | 1 2 |  2.2
Throwing       | |  2.0
Dodging        | |  4.0

Action                     |  1- 3 |  4- 6 || total
---------------------------+-------+-------++-------
  Melee: Trident           |   106 |   151 ||   257
         Punch             |     1 |     1 ||     2
  Throw: Throwing net      |       |     4 ||     4
   Cast: Summon Small Mamm |       |     5 ||     5
    Use: Scroll            |       |     5 ||     5
         Potion            |       |     4 ||     4
   Stab: Sleeping          |     5 |     2 ||     7
         Held in net/web   |       |     1 ||     1
 Armour: Leather armour    |    22 |    28 ||    50
  Dodge: Dodged            |    53 |    76 ||   129

Table legend: (Time is in decaauts)
 A = Elapsed time spent in this place.
 B = Non-inter-level travel time spent in this place.
 C = Inter-level travel time spent in this place.
 D = Time resting spent in this place.
 E = Time spent auto-exploring this place.
 F = Levels seen in this place.
 G = Mean time per level.
                   A        B        C        D        E       F      G
               +--------+--------+--------+--------+--------+-----+--------+
         Total |   3439 |   3307 |    132 |    429 |   2314 |   5 |  687.8 |
       Dungeon |   3439 |   3307 |    132 |    429 |   2314 |   5 |  687.8 |
               +--------+--------+--------+--------+--------+-----+--------+

Top non-repeatable levels by time:
     D:4: 1077 daAuts
     D:2: 834 daAuts
     D:3: 806 daAuts
     D:1: 665 daAuts
     D:5: 55 daAuts
